 Dungeon Crawl Stone Soup version 0.29.1-1-gd02db6906a (webtiles) character file.

Game seed: 11343148898858335633

1553 mrzisme the Jinx (level 8, -2/36 HPs)
             Began as a Spriggan Enchanter on Sept 19, 2022.
             Was a Plaything of Xom.
             Slain by a lemure (7 damage)
             ... led by Pikel
             ... on level 5 of the Dungeon on Sept 20, 2022.
             The game lasted 00:32:31 (9654 turns).

mrzisme the Jinx (Spriggan Enchanter)               Turns: 9654, Time: 00:32:31

Health: -2/36      AC:  3    Str:  4    XL:     8   Next: 57%
Magic:  16/20      EV: 17    Int: 19    God:    Xom [..*...]
Gold:   173        SH:  0    Dex: 15    Spells: 14/22 levels left

rFire   . . .      SeeInvis +   b - +2 dagger (speed)
rCold   . . .      Faith    .   (no shield)
rNeg    + . .      Spirit   .   w - +0 robe {rN+}
rPois   .          Reflect  .   (helmet restricted)
rElec   .          Harm     .   o - +0 cloak
rCorr   .          Rampage  .   (gloves unavailable)
Will    +....                   (boots unavailable)
Stlth   +++.......              (no amulet)
HPRegen 0.12/turn               (no ring)
MPRegen 0.17/turn               (no ring)

@: very quick
A: very small, no large weapons, unfitting armour, see invisible, speed 3
a: Renounce Religion


You were on level 5 of the Dungeon.
You worshipped Xom.
You were a toy of Xom.
You visited 2 branches of the dungeon, and saw 6 of its levels.

You collected 261 gold pieces.
You spent 88 gold pieces at shops.

Inventory:

Hand Weapons
 a - a +1 dagger
 b - a +2 dagger of speed (weapon)
 y - a +2 short sword of electrocution
Missiles
 d - 10 poisoned darts (quivered)
Armour
 o - a +0 cloak (worn)
 w - a +0 robe of positive energy (worn)
 x - a +2 leather armour of cold resistance
Wands
 C - a wand of polymorph (7)
Scrolls
 e - 4 scrolls of identify {unknown}
 f - a scroll of vulnerability {unknown}
 g - 2 scrolls of acquirement {unknown}
 h - 2 scrolls of teleportation {unknown}
 i - a scroll of fear {unknown}
 k - a scroll of immolation {unknown}
 n - a scroll of amnesia {unknown}
 r - a scroll of blinking {unknown}
 s - a scroll of poison {unknown}
 u - a scroll of magic mapping {unknown}
 v - a scroll of summoning {unknown}
 B - a scroll of noise {unknown}
Potions
 c - 2 potions of invisibility
 j - a potion of brilliance {unknown}
 l - a potion of mutation {unknown}
 m - 2 potions of heal wounds {unknown}
 p - a potion of ambrosia {unknown}
 q - a potion of cancellation {unknown}
 t - a potion of degeneration {unknown}
 z - a potion of flight {unknown}
 A - 2 potions of might {unknown}
 D - a potion of curing {unknown}


   Skills:
 - Level 1.1 Short Blades
 - Level 2.6 Dodging
 - Level 4.4 Stealth
 + Level 7.9 Spellcasting
 * Level 11.1 Hexes


You had 14 spell levels left.
You knew the following spells:

 Your Spells              Type           Power      Damage    Failure   Level
a - Ensorcelled Hibernat  Hex/Ice        56%        N/A       1%          2
b - Tukima's Dance        Hex            50%        N/A       1%          3
c - Confusing Touch       Hex            50%        N/A       1%          3

Your spell library contained the following spells:

 Spells                   Type           Power      Damage    Failure   Level
 Slow                     Hex            100%       N/A       1%          1
 Dazzling Flash           Conj/Hex       56%        N/A       2%          3
 Apportation              Tloc           14%        N/A       10%         1
 Beastly Appendage        Tmut           14%        N/A       10%         1
 Necrotise                Necr           28%        1d5       10%         1
 Summon Small Mammal      Summ           28%        N/A       10%         1
 Wereblood                Tmut           7%         N/A       14%         2
 Metabolic Englaciation   Hex/Ice        14%        N/A       26%         5
 Conjure Flame            Conj/Fire      7%         6-21      28%         3
 Ignite Poison            Fire/Tmut/Pois 7%         N/A       28%         3
 Ozocubu's Armour         Ice            7%         N/A       28%         3
 Spider Form              Tmut/Pois      7%         N/A       28%         3
 Vampiric Draining        Necr           7%         2d6       28%         3
 Sticky Flame             Conj/Fire      7%         2d3       67%         4
 Simulacrum               Ice/Necr       3%         N/A       100%        6


Dungeon Overview and Level Annotations

Branches:
Dungeon (5/15)             Temple (1/1) D:5

Altars:
Ashenzari
Dithmenos
Elyvilon
Fedhas
Gozag
Hepliaklqana
Kikubaaqudgha
Makhleb
Nemelex Xobeh
Qazlal
Sif Muna
Trog
Uskayaw
Vehumet
Wu Jian
Xom
Zin
The Shining One

Shops:
D:1 :   D:4 *

Annotations:
D:5 Pikel


Innate Abilities, Weirdness & Mutations

You are very small and have problems with some larger weapons.
You are too small for most types of armour.
You have supernaturally acute eyesight. (SInv)
You cover ground extremely quickly. (Speed+++)


Message History

Your hands begin to glow red.
You hit Pikel but do no damage.
Pikel appears confused.
You catch the helpless Pikel completely off-guard!
You puncture Pikel!
Pikel is heavily wounded.
You barely miss Pikel.
Pikel is heavily wounded.
Pikel misses you.
Pikel hits himself but does no damage.
You hit Pikel.
Pikel is heavily wounded.
You hit Pikel.
Pikel is heavily wounded.
The lemure closely misses you.
You barely miss Pikel.
Pikel is heavily wounded.
The lemure hits you!
The lemure shouts!
You hit Pikel but do no damage.
Pikel is heavily wounded.
The lemure misses you. Pikel misses you.
You hit Pikel.
Pikel is heavily wounded.
Pikel misses you. The lemure completely misses you.
You barely miss Pikel.
Pikel is heavily wounded.
You hit Pikel.
Pikel is heavily wounded.
The lemure closely misses you. The lemure barely misses you.
Pikel hits the lemure.
You hit Pikel but do no damage.
Pikel is heavily wounded.
You hit Pikel.
Pikel is heavily wounded.
The lemure hits you!
* * * LOW HITPOINT WARNING * * *
The lemure misses you. The lemure hits you.
* * * LOW HITPOINT WARNING * * *
The lemure hits you!
You die...
Xom howls with laughter!

##.......⌠..## ##............#
######.....).⌠.....#..#
#..#....^.......>..#..#
#..........÷.⌠.....#..### ..
#.......K.......#....#
...#...........⌠..##...##
...........55....##.....## #
.#....#....@5.#..........###
#####......5.##....5....##.
##.......###+###....##.
#....####.....#.......
##.....#.#.⌠.⌠.#5...... ###.
#......5.+..>.5'....### ....#
##....#5.#.⌠.⌠.#......#
.....######....##.#.....#.......
.....#............###'###.......


You could see Pikel (confused) and 4 lemures.

Vanquished Creatures
  Menkaure (D:4)
  Duvessa (D:4)
  An orc warrior (D:4)
  A black bear (D:4)
  Pargi (D:3)
  A centaur (D:4)
  2 phantoms
  2 scorpions
  Dowan (D:5)
  2 hounds (D:4)
  2 orc priests
  3 iguanas
  A jelly (D:5)
  2 human skeletons (D:5)
  An orc wizard (D:4)
  2 gnolls (D:4)
  11 adders
  A worm (D:3)
  2 dart slugs
  13 orcs
  11 ball pythons
  4 bats
  11 endoplasms
  4 giant cockroaches
  3 goblins
  7 hobgoblins
  12 jackals
  2 quokkas (D:4)
  2 frilled lizards (D:1)
  A goblin skeleton (D:5)
  2 rats
110 creatures vanquished.

Vanquished Creatures (collateral kills)
  An ogre (D:5)
  A gnoll bouda (D:4)
  Crazy Yiuf (D:2)
  A gnoll (D:5)
  An ufetubus (D:5)
  A giant cockroach (D:4)
  A kobold skeleton (D:5)
7 creatures vanquished.

Vanquished Creatures (others)
  3 dancing weapons
3 creatures vanquished.

Grand Total: 120 creatures vanquished

Notes
Turn   | Place    | Note
-------+----------+-------------------------------------------
     0 | D:1      | mrzisme the Spriggan Enchanter began the quest for the Orb.
     0 | D:1      | Reached XP level 1. HP: 9/9 MP: 5/5
   302 | D:1      | Found Evvit's Book Shop.
   367 | D:1      | Reached skill level 4 in Hexes
   404 | D:1      | Reached XP level 2. HP: 8/13 MP: 7/7
   407 | D:1      | Learned a level 2 spell: Ensorcelled Hibernation
   873 | D:1      | Reached XP level 3. HP: 16/16 MP: 5/8
  1078 | D:1      | Learned a level 3 spell: Tukima's Dance
  1082 | D:1      | Learned a level 3 spell: Confusing Touch
  1684 | D:2      | Reached skill level 5 in Hexes
  2091 | D:2      | Found a faded altar of an unknown god.
  2297 | D:2      | Found a runed translucent door.
  2298 | D:2      | Noticed Crazy Yiuf
  2397 | D:2      | Killed Crazy Yiuf
  2398 | D:2      | Reached XP level 4. HP: 9/21 MP: 6/10
  2845 | D:3      | Identified the +3 spear of the Median {drain, rPois}
  3207 | D:3      | Noticed Pargi
  3230 | D:3      | Killed Pargi
  3231 | D:3      | Reached skill level 6 in Hexes
  3231 | D:3      | Reached XP level 5. HP: 9/24 MP: 4/12
  4117 | D:4      | Noticed a centaur
  4126 | D:4      | Killed a centaur
  4127 | D:4      | Reached skill level 5 in Spellcasting
  4127 | D:4      | Reached skill level 7 in Hexes
  4127 | D:4      | Reached XP level 6. HP: 28/28 MP: 8/14
  5094 | D:4      | Reached skill level 8 in Hexes
  5097 | D:4      | Noticed an orc warrior
  5108 | D:4      | Reached XP level 7. HP: 30/32 MP: 6/16
  5459 | D:4      | Found Ymongek's Assorted Antiques.
  5462 | D:4      | Bought a glowing robe for 88 gold pieces
  5495 | D:5      | Entered Level 5 of the Dungeon
  5495 | D:5      | Noticed Duvessa
  5495 | D:5      | Noticed Dowan
  6045 | D:4      | Reached skill level 9 in Hexes
  6122 | D:5      | Noticed Menkaure
  6926 | D:4      | Killed Menkaure
  6927 | D:4      | Reached XP level 8. HP: 25/36 MP: 8/19
  7060 | D:4      | Reached skill level 10 in Hexes
  7537 | D:5      | Killed Dowan
  8134 | D:4      | Killed Duvessa
  9046 | D:5      | Reached skill level 11 in Hexes
  9065 | D:5      | Noticed Pikel
  9415 | D:5      | Found a staircase to the Ecumenical Temple.
  9421 | Temple   | Entered the Ecumenical Temple
  9611 | Temple   | Became a worshipper of Xom of Chaos
  9654 | D:5      | Slain by a lemure

Illustrated notes

Levels and vault maps discovered:
D:1:      onia_arrival_mini_spirals, layout_rooms, serial_shops, shop,
          chequers_serial_rivers_micro_d, hangedman_decor_push
D:2:      wander_river, layout_loops_cross,
          ebering_ecumenical_altar_sacrificial, chequers_serial_rivers_small_3,
          uniq_crazy_yiuf_cottage
D:3:      layout_basic, hangedman_feature_mirror, uniq_pargi
D:4:      layout_rooms, serial_shops, shop, minmay_misc_feat_room,
          guppyfry_early_orc_mine
D:5:      layout_cave_pools, dk_yredelemnul_ordeal, minmay_temple_entry_hall,
          palyth_stone_intersect, hangedman_decor_peaks_small,
          minmay_misc_feat_x, minmay_misc_feat_four_crosses, grunt_ministairs_9,
          uniq_pikel, uniq_duvessa, uniq_menkaure
Temple:   nicolae_temple_no_exploring_needed

Skill      XL: |  1  2  3  4  5  6  7  8 |
---------------+-------------------------+-----
Hexes          | 4 5 6 7 8 9 11 | 11.1
Spellcasting   | 3 4 5 7 |  7.9
Short Blades   | |  1.1
Dodging        | |  2.6
Stealth        | |  4.4

Action                   |  1- 3 |  4- 6 |  7- 9 || total
-------------------------+-------+-------+-------++-------
Melee: Dagger            |    99 |    75 |   190 ||   364
       Punch             |     1 |       |     1 ||     2
 Cast: Ensorcelled Hiber |    28 |    46 |    41 ||   115
       Tukima's Dance    |     1 |     1 |     9 ||    11
       Confusing Touch   |       |     4 |    18 ||    22
 Stab: Sleeping          |    26 |    40 |    25 ||    91
       Confused          |       |     5 |    22 ||    27
Armor: Robe              |    12 |     8 |    18 ||    38
Dodge: Dodged            |    90 |    61 |   148 ||   299
